[Event "ICC tourney 2666 (40 10)"]
[Site "Internet Chess Club"]
[Date "2021.09.11"]
[Round "4"]
[White "HAO, RYAN:Ryan334"]
[Black "SHIJU, SHAUN:chessmaster721"]
[Result "1/2-1/2"]
[ICCResult "Game drawn because neither player has mating material"]
[WhiteElo "668"]
[BlackElo "1119"]
[Opening "Four knights: Spanish variation"]
[ECO "C48"]
[NIC "KP.03"]
[Time "17:45:45"]
[TimeControl "2400+10"]

1. e4 e5 2. Nf3 Nc6 3. Nc3 Nf6 4. Bb5 Be7 5. Bxc6 bxc6 6. Nxe5 O-O 7. O-O d5
8. exd5 cxd5 9. d4 Qd6 10. Bf4 Qe6 11. Re1 Re8 12. Ng6 Qd7 13. Nxe7+ Rxe7
14. Rxe7 Qxe7 15. Bg5 Qd6 16. Bxf6 gxf6 17. Qf3 Be6 18. Qh5 Qf4 19. Nxd5
Qxd4 20. Nxc7 Qxb2 21. Qd1 Rc8 22. Nxe6 fxe6 23. h3 Rxc2 24. Qg4+ Kf7 25.
Rd1 Rc1 26. Rxc1 Qxc1+ 27. Kh2 Qg5 28. Qxg5 fxg5 29. Kg3 Kf6 30. f4 gxf4+
31. Kxf4 e5+ 32. Ke4 Ke6 33. g3 Kf6 34. h4 a6 35. a4 h5 36. a5 Ke6 37. Kf3
Kf5 38. Ke3 Kg4 39. Ke4 Kxg3 40. Kxe5 Kxh4 41. Kf4 Kh3 42. Kf3 h4 43. Kf2
Kg4 44. Kg2 h3+ 45. Kh2 Kh4 46. Kh1 Kg3 47. Kg1 h2+ 48. Kh1 Kf3 49. Kxh2 Ke4
50. Kg2 Kd4 51. Kf2 Kc4 52. Ke2 Kb4 53. Kd2 Kxa5 54. Kc3 Kb5 55. Kb3 a5 56.
Ka3 a4 57. Kb2 Kb4 58. Ka2 a3 59. Kb1 Kb3 60. Ka1 Kb4 61. Ka2 Ka4 62. Kb1
Kb3 63. Ka1 Ka4 64. Ka2 Kb4 65. Kb1 Kb3 66. Ka1 Kb4 67. Ka2 Ka4 68. Kb1 Kb4
69. Ka2 Ka4 70. Kb1 Kb3 71. Ka1 Ka4 72. Ka2 Kb4 73. Kb1 Ka4 74. Ka2 Kb4 75.
Kb1 Kc3 76. Ka2 Kb4 77. Kb1 Kb3 78. Ka1 Kb4 79. Ka2 Ka4 80. Kb1 Kb3 81. Ka1
Ka4 82. Ka2 Kb4 83. Kb1 Kc3 84. Ka2 Kb4 85. Ka1 Kb3 86. Kb1 Kb4 87. Ka2 Ka4
88. Kb1 Kb3 89. Ka1 Kb4 90. Ka2 Ka4 91. Kb1 Kb3 92. Ka1 Kb4 93. Ka2 Ka4 94.
Kb1 Kb3 95. Ka1 Kb4 96. Ka2 Ka4 97. Kb1 Kb3 98. Ka1 Kb4 99. Ka2 Ka4 100. Kb1
Kb3 101. Ka1 Ka4 102. Ka2 Kb4 103. Kb1 Kc3 104. Ka2 Kb4 105. Ka1 Kb3 106.
Kb1 Ka4 107. Ka2 Kb4 108. Ka1 Kc3 109. Ka2 Kb4 110. Ka1 Kb3 111. Kb1 Kb4
112. Ka2 Ka4 113. Ka1 Kb3 114. Kb1 Ka4 115. Ka2 Kb4 116. Ka1 Kb3 117. Kb1
Kc3 118. Ka2 Kb4 119. Ka1 Kb3 120. Kb1 Kc3 121. Ka2 Kb4 122. Ka1 Ka4 123.
Ka2 Kb4 124. Ka1 Kb3 125. Kb1 Kc3 126. Ka2 Kb4 127. Ka1 Kb3 128. Kb1 Kc3
129. Ka2 Kb4 130. Ka1 Ka4 131. Ka2 Kb4 132. Ka1 Kb3 133. Kb1 Kc3 134. Ka2
Kb4 135. Ka1 Kb3 136. Kb1 Ka4 137. Ka2 Kb4 138. Ka1 Kb3 139. Kb1 Kc3 140.
Ka2 Kb4 141. Ka1 Kb3 142. Kb1 Ka4 143. Ka2 Kb4 144. Ka1 Kc3 145. Ka2 Kb4
146. Ka1 Kb3 147. Kb1 Ka4 148. Ka2 Kb4 149. Ka1 Kb3 150. Kb1 Ka4 151. Ka2
Kb4 152. Ka1 Kc3 153. Ka2 Kb4 154. Ka1 Ka4 155. Ka2 Kb4 156. Ka1 Kc3 157.
Ka2 Kb4 158. Ka1 Kb3 159. Kb1 Kb4 160. Ka2 Ka4 161. Ka1 Kb3 162. Kb1 Kc3
163. Ka2 Kb4 164. Ka1 Kb3 165. Kb1 Ka4 166. Ka2 Kb4 167. Ka1 Kc3 168. Kb1
Kb3 169. Ka1 Ka4 170. Ka2 Kb4 171. Ka1 Ka4 172. Ka2 Kb4 173. Ka1 Kb3 174.
Kb1 Kb4 175. Ka2 Ka4 176. Ka1 Kb4 177. Ka2 Kc3 178. Kxa3
{Game drawn because neither player has mating material}
1/2-1/2

[Event "ICC tourney 2666 (40 10)"]
[Site "Internet Chess Club"]
[Date "2021.09.11"]
[Round "4"]
[White "ZHAO, DANSON:K01-30127679"]
[Black "Goldblatt, Steven:SGOLD9367"]
[Result "0-1"]
[ICCResult "White checkmated"]
[WhiteElo "1110"]
[BlackElo "1363"]
[Opening "French defense"]
[ECO "C00"]
[NIC "FR.01"]
[Time "17:46:37"]
[TimeControl "2400+10"]

1. e4 e6 2. Nf3 d5 3. exd5 exd5 4. d4 Bd6 5. Bd3 Bg4 6. O-O Ne7 7. Nbd2 Nbc6
8. h3 Bh5 9. Re1 Nxd4 10. c3 Nxf3+ 11. Nxf3 O-O 12. Bg5 h6 13. Bxe7 Bxe7 14.
Be2 c6 15. Nd4 Bxe2 16. Qxe2 Bf6 17. Nf5 Qd7 18. Qg4 Kh7 19. Nxh6 Qc7 20.
Nf5 g6 21. Nd4 Rae8 22. Nf3 Re7 23. Ng5+ Kg7 24. Qh4 Rh8 25. Qg4 Rhe8 26.
Rxe7 Rxe7 27. Nf3 Re2 28. Rb1 Qb6 29. Nd4 Rxb2 30. Nf5+ Kh7 31. Rxb2 Qxb2
32. Ne3 Qxc3 33. Qf4 Qa1+ 34. Nf1 Kg7 35. Qc7 Qb1 36. Qb8 Bd4 37. Qf4 Qb2
38. Nd2 Qc1+ 39. Kh2 Bc3 40. f3 Bxd2 41. Qd4+ Kg8 42. Qxa7 Bf4+ 43. g3 Qb2+
44. Kg1 Bxg3 45. Qa8+ Kg7 46. Qa7 Qh2+ 47. Kf1 Qxh3+ 48. Ke2 Qg2+ 49. Kd3
Qxf3+ 50. Kc2 Qe2+ 51. Kb3 Qd3+ 52. Kb2 Be5+ 53. Kc1 Bf4+ 54. Kb2 Qb5+ 55.
Kc2 Qc4+ 56. Kb2 Be5+ 57. Kb1 b5 58. Qe3 Qb4+ 59. Kc2 Qb2+ 60. Kd1 Bf6 61.
a3 d4 62. Qd3 Qc3 63. Qxc3 dxc3 64. Kc2 g5 65. Kb3 c5 66. Kc2 g4 67. a4 bxa4
68. Kd3 a3 69. Kc4 c2 70. Kxc5 c1=Q+ 71. Kb4 Be7+ 72. Kb5 Qc5+ 73. Ka6 Qb4
74. Ka7 a2 75. Ka8 a1=Q# {White checkmated} 0-1

[Event "ICC tourney 2666 (40 10)"]
[Site "Internet Chess Club"]
[Date "2021.09.11"]
[Round "4"]
[White "Zhan, Jayden Zihan:Viperchess001"]
[Black "BAREKET, NIMROD:nb12"]
[Result "1-0"]
[ICCResult "Black checkmated"]
[WhiteElo "1043"]
[BlackElo "1250"]
[Opening "Ruy Lopez: Berlin defense, Beverwijk variation"]
[ECO "C65"]
[NIC "RL.07"]
[Time "17:45:43"]
[TimeControl "2400+10"]

1. e4 e5 2. Nf3 Nc6 3. Bb5 Nf6 4. O-O Bc5 5. d3 d6 6. h3 h6 7. Be3 Bb6 8.
Nbd2 O-O 9. Re1 Bd7 10. Bc4 Na5 11. Bb3 Nxb3 12. axb3 Qe7 13. Nf1 Bxe3 14.
fxe3 Bc6 15. Ng3 Rad8 16. c4 Nh7 17. Nf5 Qf6 18. Nh2 Bd7 19. Rf1 Qg5 20. Nf3
Qf6 21. Nh2 Qg5 22. Nf3 Qf6 23. Nh2 Bxf5 24. Rxf5 Qe6 25. Ng4 Rfe8 26. Qe2
Nf8 27. Raf1 Re7 28. Qe1 Ng6 29. Qg3 Nf8 30. Rf6 gxf6 31. Nxf6+ Kh8 32. Qg8#
{Black checkmated}
1-0

[Event "ICC tourney 2666 (40 10)"]
[Site "Internet Chess Club"]
[Date "2021.09.11"]
[Round "4"]
[White "PRAKASAN, NEDAS:Nedas15"]
[Black "Pham, Tyler:TylerPham"]
[Result "1-0"]
[ICCResult "Black checkmated"]
[WhiteElo "644"]
[BlackElo "880"]
[Opening "Scandinavian (center counter) defense"]
[ECO "B01"]
[NIC "SD.01"]
[Time "17:45:42"]
[TimeControl "2400+10"]

1. e4 d5 2. exd5 Qxd5 3. Nc3 Qa5 4. Nf3 Nc6 5. a3 Qh5 6. Bc4 e5 7. h3 f6 8.
O-O a6 9. d3 b5 10. Bb3 Bc5 11. Nd5 Ra7 12. c3 Nge7 13. Nxe7 Nxe7 14. d4
exd4 15. cxd4 Bd6 16. d5 O-O 17. Qd3 Bf5 18. Qd2 Qg6 19. Nh4 Qh5 20. Nf3 Be4
21. Qe3 Qg6 22. Qxa7 Bxf3 23. g3 Nxd5 24. Bxd5+ Bxd5 25. Qe3 Re8 26. Qc3 Be5
27. Qe3 Bxb2 28. Qd2 Bxa1 29. Qxd5+ Qf7 30. Qd2 c5 31. Qa5 Ra8 32. Be3 c4
33. Rxa1 Rc8 34. Qxa6 Rc5 35. Bxc5 c3 36. Rc1 Qc4 37. Qa8+ Kf7 38. Qf8+ Kg6
39. Qe8+ Kf5 40. f3 Qxc5+ 41. Kg2 Qxa3 42. Qe4+ Kg5 43. Qg4+ Kh6 44. Qf4+
Kg6 45. Qg4+ Kh6 46. Qh4+ Kg6 47. Qe4+ Kh6 48. Qe3+ Kg6 49. Qd3+ Kf7 50.
Rxc3 Qb2+ 51. Rc2 Qb1 52. Rc7+ Ke6 53. Qd7+ Ke5 54. Rc5# {Black checkmated}
1-0

[Event "ICC tourney 2666 (40 10)"]
[Site "Internet Chess Club"]
[Date "2021.09.11"]
[Round "4"]
[White "LARSON, CHARLES D:jdchuck68"]
[Black "MADSEN, STUART:gmstuartscott"]
[Result "1-0"]
[ICCResult "Black checkmated"]
[WhiteElo "355"]
[BlackElo "766"]
[Opening "Ruy Lopez: Berlin defense"]
[ECO "C65"]
[NIC "RL.07"]
[Time "17:45:50"]
[TimeControl "2400+10"]

1. e4 e5 2. Nf3 Nc6 3. Bb5 Nf6 4. d3 Bc5 5. O-O d5 6. exd5 Nxd5 7. Re1 O-O
8. Bc4 Bg4 9. h3 Bxh3 10. gxh3 Nf4 11. Nxe5 Qg5+ 12. Ng4 Nxh3+ 13. Kf1 Qh4
14. Be3 Bxe3 15. Qf3 Bf4 16. d4 Nxd4 17. Qg2 Nxc2 18. Re2 Nxa1 19. Nd2 Nc2
20. Nf3 Qh5 21. Nf6+ Kh8 22. Nxh5 g6 23. Qxh3 gxh5 24. Qxh5 Rg8 25. Bd3 Rg7
26. Bxc2 Rag8 27. Re7 h6 28. Rxf7 Be5 29. Nxe5 Rg1+ 30. Ke2 R8g5 31. Qxh6+
Kg8 32. Qf8# {Black checkmated} 1-0

[Event "ICC tourney 2666 (40 10)"]
[Site "Internet Chess Club"]
[Date "2021.09.11"]
[Round "4"]
[White "SINGH, JIYAN:mithu542"]
[Black "Chen, Angelique Lee:oklahoo"]
[Result "0-1"]
[ICCResult "White checkmated"]
[WhiteElo "525"]
[BlackElo "995"]
[Opening "Giuoco Piano: Greco's attack"]
[ECO "C54"]
[NIC "IG.02"]
[Time "17:45:51"]
[TimeControl "2400+10"]

1. e4 e5 2. Nf3 Nc6 3. Bc4 Bc5 4. c3 Nf6 5. d4 exd4 6. cxd4 Bb4+ 7. Nc3
Bxc3+ 8. bxc3 Nxe4 9. O-O O-O 10. d5 Ne7 11. Re1 Nxc3 12. Qc2 Ncxd5 13. Ng5
Nf6 14. Ba3 d6 15. Bb2 Ng6 16. h3 d5 17. Bd3 Qd6 18. Qb3 c5 19. Rad1 Qc6 20.
Ba3 Rd8 21. Bb5 Qb6 22. Qd3 Bd7 23. Bxd7 Rxd7 24. Qc2 c4 25. Bb2 h6 26. Nf3
Rc8 27. Nd4 Re7 28. Qf5 Rxe1+ 29. Rxe1 Rd8 30. Bc3 Ne4 31. Ba1 c3 32. Rxe4
Qb1+ 33. Kh2 Qxe4 34. Bxc3 Qxf5 35. Nxf5 f6 36. Nd4 Kf7 37. Ba5 b6 38. Bd2
Rc8 39. Nf5 Rc7 40. Ne3 Ke6 41. Kg3 d4 42. Ng4 Rc2 43. Bb4 d3 44. Kf3 d2 45.
Ke2 Nf4+ 46. Kd1 Rxa2 47. Ne3 Nd3 48. Bxd2 Nxf2+ 49. Ke2 Ne4 50. Nf1 b5 51.
Kd3 Nxd2 52. Nxd2 b4 53. Nb3 Rxg2 54. Kc4 Rg3 55. Kxb4 Rxb3+ 56. Kxb3 Ke5
57. Kb4 Ke4 58. Kb5 Ke3 59. Ka6 f5 60. Kxa7 f4 61. Kb6 f3 62. Kc5 f2 63. Kd5
f1=Q 64. Ke5 Qf3 65. Ke6 Qf4 66. Kd5 Kd3 67. Ke6 Kd4 68. Ke7 Qf5 69. Kd6 Qe4
70. h4 Qe5+ 71. Kd7 Kc5 72. h5 Kd5 73. Kd8 Qe6 74. Kc7 Kc5 75. Kd8 Qf7 76.
Kc8 Qe7 77. Kb8 Qd7 78. Ka8 Kb6 79. Kb8 Qb7# {White checkmated} 0-1

[Event "ICC tourney 2666 (40 10)"]
[Site "Internet Chess Club"]
[Date "2021.09.11"]
[Round "4"]
[White "PREM, MUTHU AVANEESH:muthuavaneesh"]
[Black "WELSKI, SEAN:filmdirector"]
[Result "0-1"]
[ICCResult "White checkmated"]
[WhiteElo "1077"]
[BlackElo "1317"]
[Opening "Giuoco Pianissimo: Italian four knights variation"]
[ECO "C55"]
[NIC "IG.01"]
[Time "17:46:37"]
[TimeControl "2400+10"]

1. e4 e5 2. Nf3 Nc6 3. Bc4 Nf6 4. Nc3 Bc5 5. d3 h6 6. h3 d6 7. Be3 O-O 8.
O-O Be6 9. Bxc5 dxc5 10. Bxe6 fxe6 11. Qd2 Nd7 12. Rad1 Qf6 13. Ne2 Qg6 14.
Ng3 Rxf3 15. gxf3 Nd4 16. Qc1 Nxf3+ 17. Kg2 Rf8 18. Rde1 h5 19. Re3 Nd4 20.
Kh1 h4 21. Ne2 Nf3 22. Ng1 Ng5 23. Qd1 Nf6 24. Kh2 Nh5 25. Nf3 Nxh3 26. Rg1
Nxg1 27. Qxg1 Qf6 28. Qg4 Qf4+ 29. Qxf4 exf4 30. Re2 Nf6 31. Nxh4 Kf7 32. f3
Rh8 33. Rg2 Rxh4+ 34. Kg1 Nh5 35. Kf2 Ng3 36. Rxg3 fxg3+ 37. Kxg3 Rh1 38. c3
Rd1 39. Kf2 Rd2+ 40. Ke3 Rxb2 41. a4 Ra2 42. d4 cxd4+ 43. cxd4 Rxa4 44. e5
Kg6 45. Ke4 b5 46. f4 c5 47. f5+ exf5+ 48. Ke3 cxd4+ 49. Kd3 Kf7 50. e6+
Kxe6 51. Kc2 Rc4+ 52. Kd3 a5 53. Kd2 a4 54. Kd3 Ke5 55. Kd2 Ke4 56. Ke2 Rc3
57. Kd1 Kd3 58. Ke1 Rc2 59. Kd1 a3 60. Ke1 a2 61. Kf1 a1=Q# {White
checkmated} 0-1

[Event "ICC tourney 2666 (40 10)"]
[Site "Internet Chess Club"]
[Date "2021.09.11"]
[Round "4"]
[White "GUAN, MARIE:marieplaychess"]
[Black "GENG, KENNETH:kennethsf"]
[Result "0-1"]
[ICCResult "White checkmated"]
[WhiteElo "748"]
[BlackElo "1250"]
[Opening "French: advance, Paulsen attack"]
[ECO "C02"]
[NIC "FR.03"]
[Time "17:46:37"]
[TimeControl "2400+10"]

1. e4 e6 2. d4 d5 3. e5 c5 4. c3 Nc6 5. Nf3 cxd4 6. cxd4 Bb4+ 7. Nc3 Nge7 8.
Bd3 Qb6 9. O-O Bd7 10. a3 Bxc3 11. bxc3 h6 12. Bc2 Na5 13. Be3 Nc4 14. Rb1
Qc7 15. Qc1 Nxe3 16. Qxe3 O-O 17. Rb4 Nc6 18. Rb2 Na5 19. Bd3 Nc4 20. Bxc4
dxc4 21. Qe4 Bc6 22. Qg4 Qa5 23. Nd2 Qxc3 24. Rfb1 b5 25. Ra2 a6 26. Ne4
Bxe4 27. Qxe4 a5 28. h3 Rab8 29. Qc2 Qxc2 30. Rxc2 Rfd8 31. Rd1 Rd5 32. Kf1
Rbd8 33. a4 Rc8 34. axb5 Rxb5 35. Ke2 Kf8 36. Rdc1 Rb4 37. Ra1 a4 38. Kd2
c3+ 39. Rxc3 Rxd4+ 40. Rd3 Rcd8 41. Rxd4 Rxd4+ 42. Ke3 Rb4 43. Ra3 Ke7 44.
Kd3 Kd7 45. Kc3 Rf4 46. f3 Kc6 47. Kb2 Kd5 48. g3 Rc4 49. f4 g5 50. fxg5
hxg5 51. Rf3 Rc7 52. Ka3 Kxe5 53. Kxa4 Ke4 54. Rf1 f5 55. Kb5 Rc3 56. Re1+
Re3 57. Rg1 Kf3 58. h4 Kg4 59. hxg5 Kxg5 60. Kc5 Rd3 61. Kc4 Rd8 62. Re1 Kf6
63. Kc5 Rg8 64. Kd6 Re8 65. Kd7 Kf7 66. Kd6 Rd8+ 67. Ke5 Rd5+ 68. Kf4 Kf6
69. g4 Rd4+ 70. Kf3 Rxg4 71. Re3 e5 72. Rc3 e4+ 73. Kf2 Kg5 74. Re3 Rh4 75.
Kg2 Kf4 76. Re1 e3 77. Rf1+ Ke4 78. Kg3 Rg4+ 79. Kh3 e2 80. Rf2 Rg3+ 81. Kh4
e1=Q 82. Re2+ Qxe2 83. Kxg3 f4+ 84. Kh4 Qg2 85. Kh5 f3 86. Kh4 f2 87. Kh5
f1=R 88. Kh4 Rh1# {White checkmated} 0-1

[Event "ICC tourney 2666 (40 10)"]
[Site "Internet Chess Club"]
[Date "2021.09.11"]
[Round "4"]
[White "WILSON, DARRYL J:Combo4U2"]
[Black "ESEKHILE, KEZIAH:BXMSKez"]
[Result "1-0"]
[ICCResult "Black forfeits on time"]
[WhiteElo "1358"]
[BlackElo "586"]
[Opening "Sicilian defense"]
[ECO "B30"]
[NIC "SI.31"]
[Time "17:45:49"]
[TimeControl "2400+10"]

1. e4 c5 2. Nf3 Nc6 3. Bc4 Nf6 4. d3 e5 5. a3 d6 6. Nbd2 Bd7 7. c3 g6 8. Ng5
Be6 9. Bxe6 fxe6 10. Nxe6 Qe7 11. Nxf8 Qxf8 12. Nf3 O-O-O 13. Bg5 Rd7 14.
O-O h6 15. Be3 Ng4 16. h3 h5 17. Nh4 Qg7 18. hxg4 hxg4 19. Qxg4 Qh7 20. g3
Kc7 21. Bg5 Rf7 22. b4 b5 23. bxc5 dxc5 24. a4 bxa4 25. Rxa4 a5 26. f4 exf4
27. Bxf4+ Kb7 28. Rb1+ Ka7 29. Kg2 Rb7 30. Rf1 Rb2+ 31. Rf2 Rb3 32. Rc4 Qg7
33. Qg5 Rh5 34. Qxg6 Qxg6 35. Nxg6 Rb1 36. Nh4 Nd8 37. Bc7 Ne6 38. Bxa5 Rh8
39. Rf7+ Ka6 40. Ra4 Rb5 41. Bc7+ Kb7 42. Be5+ Kb6 43. Bxh8 Rb2+ 44. Kf1
Rb1+ 45. Ke2 Rb2+ 46. Kd1 Rb5 47. Rf6 Rb1+ 48. Kc2 {Black forfeits on time}
1-0

[Event "ICC tourney 2666 (40 10)"]
[Site "Internet Chess Club"]
[Date "2021.09.11"]
[Round "5"]
[White "Wang, Mengxuan:TheCoolGuy1117"]
[Black "ZHAO, DANSON:K01-30127679"]
[Result "1-0"]
[ICCResult "Black checkmated"]
[WhiteElo "808"]
[BlackElo "1110"]
[Opening "Evans gambit"]
[ECO "C51"]
[NIC "IG.05"]
[Time "20:01:51"]
[TimeControl "2400+10"]

1. e4 e5 2. Nf3 Nc6 3. Bc4 Bc5 4. b4 Bxb4 5. c3 Bc5 6. d4 exd4 7. cxd4 Bb4+
8. Nbd2 Bxd2+ 9. Bxd2 d6 10. O-O Nge7 11. Ng5 O-O 12. Qh5 h6 13. Nxf7 g6 14.
Nxd8+ Kg7 15. Qxh6+ Kf6 16. Bg5# {Black checkmated} 1-0

[Event "ICC tourney 2666 (40 10)"]
[Site "Internet Chess Club"]
[Date "2021.09.11"]
[Round "5"]
[White "Goteti, Ishan:Aurex"]
[Black "GUERRERIO, CHRISTOPHER:K09-16206065"]
[Result "1-0"]
[ICCResult "Black resigns"]
[WhiteElo "834"]
[BlackElo "1103"]
[Opening "Four knights game"]
[ECO "C47"]
[NIC "KP.06"]
[Time "20:01:16"]
[TimeControl "2400+10"]

1. e4 e5 2. Nf3 Nc6 3. Nc3 Nf6 4. d3 Bc5 5. Be2 d6 6. O-O h6 7. a3 O-O 8.
Na4 Bb6 9. Nxb6 axb6 10. Re1 d5 11. exd5 Qxd5 12. c4 Qd6 13. Be3 Bf5 14. b4
e4 15. dxe4 Qxd1 16. Rexd1 Nxe4 17. Bd3 Nd6 18. Bxf5 Nxf5 19. Bf4 Rac8 20.
Rd7 Rfd8 21. Rxd8+ Rxd8 22. Bxc7 Rd7 23. Bxb6 Ncd4 24. Nxd4 Nxd4 25. Kh1 Nc2
26. Rc1 Nxa3 27. h3 Rd2 28. b5 Kf8 29. Bc5+ Ke8 30. Bxa3 Kd7 31. c5 Kc7 32.
c6 Rd5 33. cxb7+ Kxb7 34. Rb1 Kb6 35. f3 Rg5 36. Bb2 Rxb5 37. Bd4+ Ka6 38.
Rxb5 Kxb5 39. Bxg7 {Black resigns} 1-0

[Event "ICC tourney 2666 (40 10)"]
[Site "Internet Chess Club"]
[Date "2021.09.11"]
[Round "5"]
[White "REMPE, LENNIK:Kokosnuss1000"]
[Black "BUELTMANN-PROK, LENNY:lbueltmannprok"]
[Result "1-0"]
[ICCResult "Black checkmated"]
[WhiteElo "1400"]
[BlackElo "630"]
[Opening "Sicilian: Najdorf, Byrne (English) attack"]
[ECO "B90"]
[NIC "SI.14"]
[Time "20:01:07"]
[TimeControl "2400+10"]

1. e4 c5 2. Nf3 d6 3. d4 cxd4 4. Nxd4 Nf6 5. Nc3 a6 6. Be3 e5 7. Nb3 Be6 8.
Be2 Nc6 9. O-O Be7 10. f4 Qd7 11. fxe5 Nxe5 12. Bf4 h5 13. Bxe5 dxe5 14.
Qxd7+ Kxd7 15. Rad1+ Ke8 16. Nd5 Nxd5 17. exd5 Bf5 18. Rxf5 g6 19. Rxe5 Kd7
20. d6 Bf6 21. Nc5+ Kc6 22. Bf3+ Kb6 23. Nd7+ Ka7 24. Nxf6 Rad8 25. d7 h4
26. Re8 Rhxe8 27. Nxe8 b5 28. Nc7 Kb6 29. Nd5+ Kc6 30. g3 h3 31. b3 Kb7 32.
Ne7+ Kc7 33. c4 bxc4 34. bxc4 Rb8 35. Nc8 Kd8 36. c5 g5 37. c6 Rxc8 38.
dxc8=Q+ Kxc8 39. Rc1 Kc7 40. Re1 Kd6 41. Re7 g4 42. Rd7+ Ke6 43. c7 Kxd7 44.
Bxg4+ f5 45. Bxh3 Kxc7 46. Bxf5 a5 47. h4 a4 48. h5 a3 49. h6 Kd6 50. h7 Ke7
51. h8=Q Kf7 52. Qh7+ Kf6 53. Qg6+ Ke5 54. Qe6+ Kd4 55. Qe4+ Kc5 56. Bd7 Kd6
57. Qe6+ Kc5 58. Qe5+ Kb6 59. Qd6+ Kb7 60. Ba4 Kc8 61. Qd7+ Kb8 62. Qc6 Ka7
63. g4 Kb8 64. g5 Ka7 65. g6 Kb8 66. g7 Ka7 67. Bb5 Kb8 68. g8=Q+ Ka7 69.
Qga8# {Black checkmated} 1-0

[Event "ICC tourney 2666 (40 10)"]
[Site "Internet Chess Club"]
[Date "2021.09.11"]
[Round "5"]
[White "GENG, KENNETH:kennethsf"]
[Black "Chen, Angelique Lee:oklahoo"]
[Result "1-0"]
[ICCResult "Black checkmated"]
[WhiteElo "1250"]
[BlackElo "995"]
[Opening "Queen's pawn game, Chigorin variation"]
[ECO "A04"]
[NIC "QP.11"]
[Time "20:01:01"]
[TimeControl "2400+10"]

1. Nf3 Nc6 2. d4 d5 3. Bf4 Nf6 4. Nbd2 Bf5 5. c3 e6 6. h3 Bd6 7. Bg5 h6 8.
Bh4 g5 9. Bg3 Rg8 10. Bxd6 cxd6 11. g4 Be4 12. Nxe4 Nxe4 13. Nd2 Qf6 14.
Nxe4 dxe4 15. Bg2 d5 16. e3 O-O-O 17. b4 b5 18. a4 e5 19. axb5 Nb8 20. Qa4
exd4 21. cxd4 Rd7 22. O-O h5 23. Qa5 Rc7 24. Rfc1 Qd6 25. Rxc7+ Qxc7 26.
Qxc7+ Kxc7 27. Rxa7+ Kb6 28. Rxf7 Kxb5 29. gxh5 Kxb4 30. Rf5 Kc4 31. Bf1+
Kb4 32. Rxd5 g4 33. hxg4 Rxg4+ 34. Kh2 Nc6 35. Rb5+ Ka4 36. Rb7 Rh4+ 37. Kg3
Rxh5 38. Bb5+ Rxb5 39. Rxb5 Kxb5 40. Kf4 Kc4 41. Kxe4 Ne7 42. f4 Kb5 43. f5
Kc6 44. Ke5 Kd7 45. e4 Ke8 46. f6 Ng6+ 47. Kf5 Nf8 48. e5 Nd7 49. e6 Nf8 50.
d5 Nh7 51. d6 Nxf6 52. Kxf6 Kd8 53. Kf7 Kc8 54. e7 Kd7 55. e8=Q+ Kxd6 56.
Kf6 Kd5 57. Qe7 Kc6 58. Qd8 Kc5 59. Qd7 Kb6 60. Qc8 Kb5 61. Qc7 Kb4 62. Qc6
Ka5 63. Qb7 Ka4 64. Ke5 Ka5 65. Kd5 Ka4 66. Kc4 Ka3 67. Qb3# {Black
checkmated} 1-0

[Event "ICC tourney 2666 (40 10)"]
[Site "Internet Chess Club"]
[Date "2021.09.11"]
[Round "5"]
[White "LAYTON KOGAN, YELISEY:K05-17266128"]
[Black "PREM, MUTHU AVANEESH:muthuavaneesh"]
[Result "0-1"]
[ICCResult "White checkmated"]
[WhiteElo "806"]
[BlackElo "1077"]
[Opening "Giuoco Pianissimo: Italian four knights variation"]
[ECO "C50"]
[NIC "IG.02"]
[Time "20:01:33"]
[TimeControl "2400+10"]

1. e4 e5 2. Nf3 Nc6 3. Bc4 Bc5 4. Nc3 Nf6 5. d3 h6 6. Nd5 d6 7. c3 Nxd5 8.
Bxd5 Ne7 9. d4 exd4 10. cxd4 Bb4+ 11. Nd2 Nxd5 12. exd5 O-O 13. Qa4 Re8+ 14.
Kf1 Bxd2 15. Bxd2 Bd7 16. Qb3 b6 17. Qg3 Bb5+ 18. Kg1 Qf6 19. Be3 c5 20.
dxc5 dxc5 21. a4 Bd7 22. h4 Qe5 23. Bf4 Qxb2 24. Kh2 Qf6 25. Rhe1 Qg6 26.
Qc3 Re4 27. Be5 f6 28. Bg3 Rae8 29. Qc2 Bf5 30. Qa2 Rxe1 31. d6+ Kh8 32.
Rxe1 Rxe1 33. Qd2 Re8 34. Bf4 Be4 35. d7 Qxg2# {White checkmated} 0-1

[Event "ICC tourney 2666 (40 10)"]
[Site "Internet Chess Club"]
[Date "2021.09.11"]
[Round "5"]
[White "Pham, Tyler:TylerPham"]
[Black "ESEKHILE, KEZIAH:BXMSKez"]
[Result "1-0"]
[ICCResult "Black checkmated"]
[WhiteElo "880"]
[BlackElo "586"]
[Opening "Ruy Lopez: Berlin defense, 4.O-O"]
[ECO "C65"]
[NIC "RL.07"]
[Time "20:00:59"]
[TimeControl "2400+10"]

1. e4 e5 2. Nf3 Nc6 3. Bb5 Nf6 4. O-O Ng4 5. Nc3 g6 6. d3 Bg7 7. Bg5 Nf6 8.
d4 Qe7 9. dxe5 Nxe5 10. Nxe5 Qxe5 11. Bxf6 Qxf6 12. Re1 O-O 13. e5 Qh4 14.
g3 Qb4 15. a3 Qa5 16. b4 Qb6 17. Re3 d6 18. Qd5 Be6 19. Qe4 dxe5 20. a4 c6
21. Bc4 Bf5 22. Qf3 Qxb4 23. Bb3 Rfe8 24. Rb1 Qc5 25. g4 Bxc2 26. Bxc2 Rf8
27. Rxb7 e4 28. Nxe4 Qe5 29. Bb3 Qa1+ 30. Kg2 Be5 31. Bxf7+ Rxf7 32. Rxf7
Kh8 33. Qh3 h5 34. gxh5 gxh5 35. Qxh5+ Kg8 36. Qh7# {Black checkmated} 1-0

[Event "ICC tourney 2666 (40 10)"]
[Site "Internet Chess Club"]
[Date "2021.09.11"]
[Round "5"]
[White "CAO, DANIEL:danielcao"]
[Black "Zhan, Jayden Zihan:Viperchess001"]
[Result "1/2-1/2"]
[ICCResult "Game drawn by mutual agreement"]
[WhiteElo "1276"]
[BlackElo "1043"]
[Opening "French: advance, Euwe variation"]
[ECO "C02"]
[NIC "FR.03"]
[Time "20:00:56"]
[TimeControl "2400+10"]

1. e4 e6 2. d4 d5 3. e5 c5 4. c3 Nc6 5. Nf3 Bd7 6. Nbd2 Nge7 7. Nb3 cxd4 8.
cxd4 Nf5 9. Bd3 Nfe7 10. O-O Ng6 11. Be3 Be7 12. Rc1 Nb4 13. a3 Nxd3 14.
Qxd3 a6 15. Nc5 Bb5 16. Qb3 Bxc5 17. Rxc5 Bxf1 18. Kxf1 O-O 19. Qxb7 Rb8 20.
Qxa6 Rxb2 21. Bc1 Rb6 22. Qa5 Qb8 23. Ne1 Qb7 24. Nd3 Ra8 25. Qc3 Rb3 26.
Qc2 Rb6 27. Rc7 Qa6 28. Kg1 Rb7 29. Rc8+ Rxc8 30. Qxc8+ Nf8 31. Nc5 Qe2 32.
h3 Qe1+ 33. Kh2 Qxc1 34. Qxb7 Qf4+ 35. Kg1 Qc1+ 36. Kh2 Qf4+
{Game drawn by mutual agreement}
1/2-1/2

[Event "ICC tourney 2666 (40 10)"]
[Site "Internet Chess Club"]
[Date "2021.09.11"]
[Round "5"]
[White "NITIN PATIL, AARADHYA:K03-17349055"]
[Black "LARSON, CHARLES D:jdchuck68"]
[Result "1-0"]
[ICCResult "Black checkmated"]
[WhiteElo "1047"]
[BlackElo "355"]
[Opening "Sicilian: Najdorf, Lipnitzky attack"]
[ECO "B86"]
[NIC "SI.13"]
[Time "20:01:01"]
[TimeControl "2400+10"]

1. e4 c5 2. Nf3 d6 3. d4 cxd4 4. Nxd4 Nf6 5. Nc3 a6 6. Bc4 e6 7. O-O g6 8.
Be3 Bg7 9. Qe2 O-O 10. Rad1 Bd7 11. Nf3 Bc6 12. e5 Ne8 13. exd6 Nxd6 14. Bc5
Bxf3 15. Qxf3 Be5 16. Bxd6 Bxd6 17. Qd3 Nc6 18. Qxd6 Na5 19. Qxd8 Raxd8 20.
Bb3 Rc8 21. Rd7 Kg7 22. Bxe6 Kh6 23. Rxf7 Rce8 24. Rxf8 Rxf8 25. f3 Nc6 26.
Rd1 Nd8 27. Bb3 Re8 28. Rd7 Nc6 29. Nd5 Nd4 30. Rxh7+ Kxh7 31. Nf6+ Kh6 32.
Nxe8 Ne2+ 33. Kf2 Nd4 34. Ke3 Nxb3 35. axb3 g5 36. Nd6 Kh5 37. Nxb7 g4 38.
fxg4+ Kxg4 39. c4 Kf5 40. c5 Ke6 41. b4 Kd7 42. h4 Kc6 43. h5 Kxb7 44. h6
Kc6 45. h7 Kb5 46. h8=Q Kxb4 47. Qb8+ Ka5 48. c6 Ka4 49. c7 a5 50. b3+ Ka3
51. c8=Q Ka2 52. Qc2+ Ka3 53. Qd6# {Black checkmated} 1-0